 Dungeon Sprint DCSS version 0.30.1-11-g7821555f0a (webtiles) character file.

Game seed: 4025067591774775444

2672 Groucho the Jinx (level 9, -2/42 HPs)
             Began as a Felid Enchanter on Nov 20, 2023.
             Was the Champion of Dithmenos.
             Killed from afar by a bog body (44 damage)
             ... with a bolt of cold
             ... in the Dungeon (Sprint VII: "The Pits").
             The game lasted 00:08:38 (3642 turns).

Groucho the Jinx (Felid Enchanter)                  Turns: 3642, Time: 00:08:39

Health: -2/42      AC:  2    Str:  7    XL:     9   Next: 37%
Magic:  17/23      EV: 29    Int: 20    God:    Dithmenos [******]
Gold:   0          SH:  0    Dex: 17    Spells: 15/26 levels left
                                        Lives:  0   Deaths: 2

rFire   . .          .
                       - Unarmed
rCold   . . .        (shield unavailable)
rNeg    . . .        (body armour unavailable)
rPois   +            (helmet unavailable)
rElec   .            (cloak unavailable)
rCorr   .            (gloves unavailable)
SInv    +            (boots unavailable)
Will    +....        (no amulet) Stlth *+++++++++
                     j - +3 ring of strength
HPRegen 0.27/turn    k - +3 ring of evasion
MPRegen 0.18/turn

%: no teleportation
@: wreathed by umbra, quick
A: very small, claws 1, fangs 3, see invisible, speed 1, shaggy fur 2, stealthy
paws, no weapons or thrown items, no armour, multi-lived, horns 1, poison
resistance, MP-powered wands
a: Renounce Religion, Shadow Step, Shadow Form


You were in the Dungeon.
You worshipped Dithmenos.
Dithmenos was exalted by your worship.
You visited 1 branch

Inventory:

Jewellery
 j - a +3 ring of strength (left paw)
 k - a +3 ring of evasion (right paw)
Scrolls
 g - a scroll of blinking
 h - 5 scrolls of amnesia
 i - a scroll of summoning
Potions
 a - 4 potions of invisibility
 b - 8 potions of curing
 c - 11 potions of heal wounds
 d - 2 potions of haste
 e - 4 potions of magic
 f - a potion of berserk rage
 l - a potion of mutation


   Skills:
 + Level 6.6 Fighting
 + Level 12.9 Dodging
 - Level 14.1 Stealth
 + Level 9.8 Unarmed Combat
 + Level 9.2 Spellcasting
 * Level 7.9 Conjurations
 + Level 14.2 Hexes
 + Level 6.5 Invocations


You had 15 spell levels left.
You knew the following spells:

 Your Spells              Type           Power      Damage    Failure   Level
a - Ensorcelled Hibernat  Hex/Ice        74%        N/A       1%          2
b - Confusing Touch       Hex            60%        N/A       1%          3
c - Dazzling Flash        Conj/Hex       100%       N/A       1%          3
d - Tukima's Dance        Hex            60%        N/A       1%          3

Your spell library contained the following spells:

 Spells                   Type           Power      Damage    Failure   Level


Dungeon Overview and Level Annotations

Branches:
Dungeon (1/1)

Altars:
Ashenzari
Cheibriados
Dithmenos
Elyvilon
Fedhas
Gozag
Hepliaklqana
Kikubaaqudgha
Makhleb
Nemelex Xobeh
Okawaru
Qazlal
Ru
Sif Muna
Trog
Uskayaw
Vehumet
Wu Jian
Xom
Yredelemnul
Zin
The Shining One
Jiyva
Lugonu


Innate Abilities, Weirdness & Mutations

You have sharp claws.
You have razor-sharp teeth.
You have supernaturally acute eyesight. (SInv)
You cover ground quickly. (Speed+)
You are covered in thick fur. (AC +2)
Your paws help you pounce on unaware monsters.
You are incapable of wielding weapons or throwing items.
You cannot wear armour.
You gain extra lives every three experience levels.
You have a pair of small horns on your head.
Your system is resistant to poisons. (rPois)
You expend magic power (3 MP) to strengthen your wands.


Message History

Aim: a fire crab (wandering, hasn't noticed you, umbra, chance to affect: 47%)
The fire crab looks drowsy...
Your shadow mimicks your spell!
The fire crab is unaffected.
Unknown command.
Aiming: Shadow Step
Press: ? - help, Dir - move target, f/p - fire crab
Aim: a fire crab (asleep, umbra)
You step into the fire crab's shadow.
The helpless fire crab fails to defend itself.
You eviscerate the fire crab!!!!
You kill the fire crab!
Dithmenos accepts your kill.
Your Stealth skill increases to level 14!
A bog body comes into view.
A crimson imp comes into view.
There is an open door here.
Aiming: Ensorcelled Hibernation (safe; 1% risk of failure)
Press: ? - help, Q - select action, (/) - cycle Shift-Dir - straight line, f - jumping spider
Aim: a jumping spider (wandering, hasn't noticed you, umbra, chance to affect: 64%)
The jumping spider's many legs skitter faintly.
The jumping spider looks drowsy...
The crimson imp blinks!
Unknown command.
The helpless jumping spider fails to defend itself.
You eviscerate the jumping spider!!!!
You kill the jumping spider!
Dithmenos accepts your kill.
A killer bee comes into view.
Training target 14.1 for Stealth reached!
The bog body completely misses you.
There is an open door here.
An eidolon comes into view.
The bog body closely misses you.
The crimson imp lashes its tail.
Things that are here:
a +0 hand axe; an orc corpse The bog body casts a spell at you.
The bolt of cold hits you!!!
Ouch! That really hurt!
You die...

##'#####''######
......##''################
......##..#......W.......#
......##..##.....)).......
..<...##..####...#'######.
......##..#..#####.##...#
......##..#....##5..#...#
......##..'.....#...#...#...
########..')....@)n.')(.'...y
########..'.....#...#...#...#
.#..[[##..#....##...#...# ..#
.#..[[##..#..#####.##...# #
.'..))##..#### #'######
.#..))##..# ... .#..))##..#
..... ########### ######


You could see a bog body and a crimson imp.

Vanquished Creatures
  An eidolon (D)
  An anaconda (D)
  A fire crab (D)
  A deep elf zephyrmancer (D)
  A black mamba (D)
  A cane toad (D)
  A freezing wraith (D)
  A kobold demonologist (D)
  A komodo dragon (D)
  A tyrant leech (D)
  2 jumping spiders (D)
  A fire bat (D)
  A ynoxinul (D)
  A steam dragon (D)
  2 sky beasts (D)
  4 wolves (D)
  2 kobold brigands (D)
  A jelly (D)
  An iguana (D)
  An iron imp (D)
  2 gnolls (D)
  4 ufetubi (D)
  A worm (D)
  4 orcs (D)
  A ball python (D)
  2 bats (D)
  A bat skeleton (D)
  An endoplasm (D)
  2 goblins (D)
  A hobgoblin (D)
  3 kobolds (D)
  A quokka (D)
  A frilled lizard (D)
  3 quokka skeletons (D)
  A rat (D)
54 creatures vanquished.

Notes
Turn   | Place    | Note
-------+----------+-------------------------------------------
     0 | D        | Groucho the Felid Enchanter began the quest for the Orb.
     0 | D        | Reached XP level 1. HP: 7/7 MP: 4/4
   324 | D        | Found a bloodstained altar of Trog.
   324 | D        | Found a shimmering blue altar of Sif Muna.
   324 | D        | Found a viscous altar of Jiyva.
   324 | D        | Found a hazy altar of Hepliaklqana.
   324 | D        | Found an opulent altar of Gozag.
   325 | D        | Found a glowing golden altar of the Shining One.
   325 | D        | Found a glowing silver altar of Zin.
   325 | D        | Found a basalt altar of Yredelemnul.
   325 | D        | Found a shimmering altar of Xom.
   325 | D        | Found an ornate altar of the Wu Jian Council.
   325 | D        | Found a sacrificial altar of Ru.
   325 | D        | Found a stormy altar of Qazlal.
   325 | D        | Found an iron altar of Okawaru.
   325 | D        | Found a sparkling altar of Nemelex Xobeh.
   325 | D        | Found a burning altar of Makhleb.
   325 | D        | Found a blossoming altar of Fedhas.
   325 | D        | Found a white marble altar of Elyvilon.
   325 | D        | Found a shadowy altar of Dithmenos.
   325 | D        | Found a snail-covered altar of Cheibriados.
   327 | D        | Found a radiant altar of Vehumet.
   327 | D        | Found a corrupted altar of Lugonu.
   328 | D        | Found a hide-covered altar of Uskayaw.
   328 | D        | Found an ancient bone altar of Kikubaaqudgha.
   328 | D        | Found a broken altar of Ashenzari.
   335 | D        | Became a worshipper of Dithmenos the Shadowed
   369 | D        | Reached skill level 5 in Hexes
   369 | D        | Reached XP level 2. HP: 5/11 MP: 4/6
   605 | D        | Learned a level 2 spell: Ensorcelled Hibernation
   814 | D        | Reached * piety under Dithmenos
   815 | D        | Reached skill level 5 in Stealth
  1080 | D        | Reached XP level 3. HP: 14/14 MP: 6/8
  1080 | D        | Reached ** piety under Dithmenos
  1308 | D        | Reached *** piety under Dithmenos
  1309 | D        | Reached skill level 5 in Dodging
  1309 | D        | Reached XP level 4. HP: 18/18 MP: 8/10
  1319 | D        | Reached **** piety under Dithmenos
  1325 | D        | Noticed a fire bat
  1327 | D        | Killed a fire bat
  1328 | D        | Reached skill level 5 in Unarmed Combat
  1328 | D        | Reached skill level 5 in Spellcasting
  1328 | D        | Reached XP level 5. HP: 21/21 MP: 9/13
  1328 | D        | Noticed a komodo dragon
  1331 | D        | Killed a komodo dragon
  1332 | D        | Reached skill level 10 in Stealth
  1332 | D        | Reached skill level 10 in Hexes
  1332 | D        | Gained mutation: You are covered in thick fur. (AC +2)
                  | [Felid growth]
  1332 | D        | Reached XP level 6. HP: 24/24 MP: 11/16
  1563 | D        | Noticed a sky beast
  1567 | D        | Reached ***** piety under Dithmenos
  1574 | D        | Killed a sky beast
  1575 | D        | Reached XP level 7. HP: 27/27 MP: 15/18
  1887 | D        | Noticed a kobold demonologist
  1911 | D        | Noticed a hellwing
  1913 | D        | Killed a kobold demonologist
  1914 | D        | Reached skill level 10 in Dodging
  2008 | D        | Reached ****** piety under Dithmenos
  2028 | D        | Reached XP level 8. HP: 27/34 MP: 15/19
  2111 | D        | Gained mutation: You expend magic power (3 MP) to
                  | strengthen your wands. [potion of mutation]
  2111 | D        | Gained mutation: Your system is resistant to poisons.
                  | (rPois) [potion of mutation]
  2111 | D        | Gained mutation: You have a pair of small horns on your
                  | head. [potion of mutation]
  2129 | D        | Noticed a freezing wraith
  2129 | D        | Noticed a black mamba
  2141 | D        | Killed a black mamba
  2158 | D        | Learned a level 3 spell: Confusing Touch
  2165 | D        | Killed a freezing wraith
  2170 | D        | Learned a level 3 spell: Dazzling Flash
  2174 | D        | Learned a level 3 spell: Tukima's Dance
  2326 | D        | Noticed an anaconda
  2332 | D        | Killed an anaconda
  2333 | D        | Reached skill level 5 in Conjurations
  2333 | D        | Reached XP level 9. HP: 39/39 MP: 16/22
  2339 | D        | Noticed a deep elf zephyrmancer
  2343 | D        | Killed a deep elf zephyrmancer
  2344 | D        | Reached skill level 5 in Fighting
  2344 | D        | Reached skill level 5 in Invocations
  2348 | D        | Killed from afar by a steam dragon
  2349 | D        | Reached XP level 8. HP: -8/37 MP: 13/21
  2565 | D        | Killed a jumping spider
  2608 | D        | Noticed a cane toad
  2617 | D        | Killed a cane toad
  2618 | D        | Reached XP level 9. HP: 36/41 MP: 12/22
  2623 | D        | Noticed a tyrant leech
  2626 | D        | Noticed an eidolon
  2640 | D        | Killed a tyrant leech
  2983 | D        | Slain by an eidolon
  2984 | D        | Reached XP level 8. HP: 0/38 MP: 21/21
  3009 | D        | Killed an eidolon
  3010 | D        | Reached XP level 9. HP: 33/42 MP: 21/23
  3018 | D        | Noticed a guardian mummy
  3492 | D        | Noticed a fire crab
  3631 | D        | Killed a fire crab
  3633 | D        | Noticed a bog body
  3639 | D        | Noticed an eidolon
  3642 | D        | Killed from afar by a bog body

Illustrated notes

Levels and vault maps discovered:
D:        pitsprint [storerooms_1, entrance_room_1, metal_vault_1, armoury_2,
          mini_pit_1, grid_room_1, main_hall_1, silver_pit, the_coven_3,
          the_vestibule_1, steel_vault_1, golden_pit, hallway_of_sentries,
          crystal_vault_6, iron_vault_3, final_vault]

Skill      XL: |  1  2  3  4  5  6  7  8  9 |
---------------+----------------------------+-----
Dodging        | 3 4 5 7 9 10 12 | 12.9
Unarmed Combat | 2 3 5 6 7 9 |  9.8
Hexes          | 5 6 8 10 11 14 13 | 14.2
Stealth        | 5 6 8 10 11 12 14 | 14.1
Spellcasting   | 3 5 6 7 9 |  9.2
Fighting       | 2 6 5 |  6.6
Invocations    | 2 6 5 |  6.5
Conjurations   | 7 |  7.9

Action                     |  1- 3 |  4- 6 |  7- 9 || total
---------------------------+-------+-------+-------++-------
  Melee: Unarmed           |    34 |    15 |    70 ||   119
         Bite              |     7 |       |     8 ||    15
         Headbutt          |       |       |    12 ||    12
         Punch             |       |       |     3 ||     3
   Cast: Ensorcelled Hiber |     6 |     1 |    36 ||    43
         Confusing Touch   |       |       |     4 ||     4
 Invoke: Shadow Step       |       |       |     1 ||     1
    Use: Potion            |     1 |       |     5 ||     6
   Stab: Sleeping          |     6 |     9 |    24 ||    39
         Confused          |       |       |     4 ||     4
         Distracted        |       |       |     1 ||     1
 Armour: Skin              |     2 |       |     2 ||     4
  Dodge: Dodged            |    24 |    13 |    69 ||   106
